 Dungeon Crawl Stone Soup version 0.31-a0-187-gba352fbbf7 (webtiles) character file.

Game seed: 6093615568036887464

131 qw the Skirmisher (level 4, 0/25 HPs)
             Began as a Deep Elf Hunter on June 22, 2023.
             Slain by an adder (2 damage)
             ... while paralysed by Grinder
             ... on level 3 of the Dungeon.
             The game lasted 00:00:57 (1883 turns).

qw the Skirmisher (Deep Elf Hunter)                 Turns: 1883, Time: 00:00:57

Health: 0/25       AC:  7    Str:  8 (10) XL:     4   Next: 91%
Magic:  6/6        EV:  2    Int: 16 (17) God:
Gold:   38         SH:  0    Dex: 17 (18) Spells: 3/3 levels left

rFire   . . .        Y - +0 shortbow
rCold   . . .        (shield currently unavailable)
rNeg    + . .        j - +2 animal skin
rPois   .            l - +2 helmet {Int+3}
rElec   .            (no cloak)
rCorr   .            (no gloves)
SInv    .            (no boots)
Will    .....        m - amulet of the acrobat
Stlth   ++           o - ring of positive energy
HPRegen 0.24/turn    (no ring)
MPRegen 0.10/turn

%: acrobat
@: paralysed, about to teleport
A: no striking features
a: no special abilities


You were on level 3 of the Dungeon.
You visited 1 branch of the dungeon, and saw 3 of its levels.

You collected 129 gold pieces.
You spent 91 gold pieces at shops.


   Skills:
 - Level 1.5 Fighting
 - Level 8.2 Ranged Weapons
 + Level 2.6 Dodging
 - Level 1.2 Stealth


You had 3 spell levels left.
You didn't know any spells.
Your spell library was empty.

Inventory:

Hand Weapons
 Y - a +0 shortbow (weapon)
Armour
 b - a +2 pair of boots
 j - a +2 animal skin (worn)
 l - a +2 helmet of intelligence (worn)
Jewellery
 m - an amulet of the acrobat (around neck)
 o - a ring of positive energy (left hand)
Scrolls
 a - 3 scrolls of teleportation
 c - a scroll of fear {unknown}
 k - a scroll of identify
Potions
 d - a potion of mutation
 e - a potion of enlightenment
 g - a potion of curing
 i - a potion of cancellation
 n - a potion of might {unknown}

Dungeon Overview and Level Annotations

Branches:
Dungeon (3/15)

Altars:
Elyvilon

Shops:
D:1 *   D:2 ?

Annotations:
D:3 Grinder, Natasha


Message History

Grinder gestures at you.
You barely resist. The adder misses you.
You shoot an arrow. The arrow hits Grinder.
Grinder is severely wounded.
Grinder closely misses you. The adder barely misses you.
You shoot an arrow.
The arrow hits Grinder but does no damage.
Grinder is severely wounded.
Grinder hits you but does no damage. The adder misses you.
You shoot an arrow. The arrow hits Grinder.
Grinder is severely wounded.
The adder barely misses you. Grinder completely misses you.
The adder bites you but does no damage.
You shoot an arrow. The arrow hits Grinder.
Grinder is severely wounded.
Grinder gestures at you.
You suddenly lose the ability to move!
The adder bites you but does no damage.
Grinder says, "DUCK!"
Grinder hits you.
You writhe in agony.
The adder bites you. Grinder hits you.
You writhe in agony.
The adder bites you.
You can move again.
You shoot an arrow.
The arrow hits Grinder but does no damage.
Grinder is severely wounded.
The adder bites you but does no damage. Grinder gestures at you.
You shrug off the repeated paralysis!
The adder barely misses you.
You shoot an arrow. The arrow closely misses Grinder.
Grinder rolls her eyes.
Grinder hits you.
You writhe in agony.
The adder misses you.
1880 ||| READING 4 scrolls of teleportation.
As you read the scroll of teleportation, it crumbles to dust.
You feel strangely unstable. Grinder gestures at you.
You suddenly lose the ability to move!
The adder bites you but does no damage. The adder bites you.
Grinder barely misses you. The adder bites you but does no damage.
Grinder hits you. The adder completely misses you. Grinder hits you.
The adder bites you.
You die...

#....## #.....#........
#.....#.........#
#...._#.........#
#.....#.........# ##
##....#<........# .b#
#...##.........######
##...#..S...............
#...##.@5...............
##...#...................
#....#...................
#...^....................
#............##'#####....
#............##.....#....
#............##.....'....
##...........#####..#....
#####...........##..#..#%...


You could see Grinder and an adder.

Vanquished Creatures
  Natasha (D:3)
  Robin (D:2)
  2 adders (D:2)
  A worm (D:3)
  2 dart slugs (D:1)
  An orc (D:3)
  5 ball pythons
  4 endoplasms
  5 giant cockroaches
  16 goblins
  3 hobgoblins
  4 quokkas (D:1)
  2 bats
  7 frilled lizards
  6 kobolds
  5 rats
65 creatures vanquished.

Notes
Turn   | Place    | Note
-------+----------+-------------------------------------------
     0 | D:1      | qw the Deep Elf Hunter began the quest for the Orb.
     0 | D:1      | Reached XP level 1. HP: 12/12 MP: 3/3
     0 | D:1      | 0 ||| qw: Version: 0.3-a-9-g12657ce
     0 | D:1      | 0 ||| qw: Game counter: 2294
     0 | D:1      | 0 ||| qw: Always use a shield: true
     0 | D:1      | 0 ||| qw: God list: Okawaru
     0 | D:1      | 0 ||| qw: Allow faded altars: false
     0 | D:1      | 0 ||| qw: Do Orc after D:15 true
     0 | D:1      | 0 ||| qw: Do second Lair branch before Depths: true
     0 | D:1      | 0 ||| qw: Lair rune preference: random
     0 | D:1      | 0 ||| qw: Plans: Normal
     0 | D:1      | 0 ||| PLANNING D:1-11
     5 | D:1      | 5 ||| Stepping ~*~*~tactically~*~*~ (water).
   120 | D:1      | Reached skill level 6 in Ranged Weapons
   120 | D:1      | Reached XP level 2. HP: 16/16 MP: 4/4
   215 | D:1      | Found Ynet's General Store.
   228 | D:1      | 228 ||| SHOPLISTING +5 leather armour of Narcissism {+Inv
                  | Will+ Dex+2 Stlth+} (643 gold, have 17).
   228 | D:1      | 228 ||| SHOPLISTING potion of curing (36 gold, have 17).
   228 | D:1      | 228 ||| SHOPLISTING ring of see invisible (180 gold, have
                  | 17).
   238 | D:1      | Reached XP level 3. HP: 20/20 MP: 5/5
   671 | D:1      | 671 ||| UPGRADING to amulet of the acrobat.
   676 | D:1      | 676 ||| UPGRADING to ring of positive energy.
   677 | D:1      | 677 ||| READING 4 scrolls labelled IQUZIN FODIPH.
   681 | D:1      | 681 ||| READING scroll labelled XUEGIRHANY.
   682 | D:1      | 682 ||| READING 3 scrolls labelled QEAHIGECISEI.
   683 | D:1      | 683 ||| READING scroll labelled HUQANG WAGRUK.
   684 | D:1      | 684 ||| DRINKING 2 lumpy dark potions.
   692 | D:1      | 692 ||| READING 2 scrolls of identify.
   692 | D:1      | 692 ||| IDENTIFYING smoky blue potion
   693 | D:1      | 693 ||| DROPPING scroll of butterflies.
   694 | D:1      | 694 ||| DROPPING potion of ambrosia.
   749 | D:2      | Reached skill level 7 in Ranged Weapons
   840 | D:2      | Noticed Robin
   841 | D:2      | 841 ||| Stepping ~*~*~tactically~*~*~ (outnumbered).
   872 | D:2      | Killed Robin
   873 | D:2      | Reached XP level 4. HP: 17/25 MP: 6/6
   907 | D:2      | 907 ||| FLEEEEING.
   908 | D:2      | 908 ||| FLEEEEING.
   992 | D:2      | Found a white marble altar of Elyvilon.
  1207 | D:2      | Found Qeptofru's Magic Scroll Emporium.
  1221 | D:2      | 1221 ||| BUYING scroll of identify (26 gold).
  1221 | D:2      | Bought a scroll of identify for 26 gold pieces
  1221 | D:2      | 1221 ||| BUYING scroll of identify (26 gold).
  1221 | D:2      | Bought a scroll of identify for 26 gold pieces
  1221 | D:2      | 1221 ||| BUYING scroll of teleportation (39 gold).
  1221 | D:2      | Bought a scroll of teleportation for 39 gold pieces
  1221 | D:2      | 1221 ||| SHOPLISTING scroll of teleportation (39 gold, have
                  | 15).
  1221 | D:2      | 1221 ||| UPGRADING to +2 animal skin.
  1231 | D:2      | 1231 ||| DROPPING +0 leather armour.
  1232 | D:2      | 1232 ||| UPGRADING to +2 helmet of intelligence.
  1237 | D:2      | 1237 ||| READING scroll labelled NAC VAKHES.
  1238 | D:2      | 1238 ||| DRINKING 2 fizzy silvery potions.
  1239 | D:2      | 1239 ||| DRINKING 2 red potions.
  1240 | D:2      | 1240 ||| READING 4 scrolls of identify.
  1240 | D:2      | 1240 ||| IDENTIFYING cyan potion
  1241 | D:2      | 1241 ||| READING 3 scrolls of identify.
  1241 | D:2      | 1241 ||| IDENTIFYING fizzy white potion
  1242 | D:2      | 1242 ||| READING 2 scrolls of identify.
  1242 | D:2      | 1242 ||| IDENTIFYING fuming coppery potion
  1243 | D:2      | 1243 ||| DROPPING potion of attraction.
  1244 | D:2      | 1244 ||| DROPPING potion of degeneration.
  1345 | D:3      | Noticed Natasha
  1348 | D:3      | 1348 ||| FLEEEEING.
  1349 | D:3      | 1349 ||| FLEEEEING.
  1350 | D:3      | 1350 ||| FLEEEEING.
  1354 | D:3      | 1354 ||| FLEEEEING.
  1363 | D:3      | Killed Natasha
  1364 | D:3      | Reached skill level 8 in Ranged Weapons
  1700 | D:3      | Noticed Natasha
  1727 | D:3      | Found a faded altar of an unknown god.
  1861 | D:3      | Noticed Grinder
  1875 | D:3      | Paralysed by Grinder for 3 turns
  1879 | D:3      | HP: 6/25 [Grinder (3)]
  1880 | D:3      | 1880 ||| READING 4 scrolls of teleportation.
  1880 | D:3      | Paralysed by Grinder for 5 turns
  1883 | D:3      | HP: 2/25 [Grinder (2)]
  1883 | D:3      | Slain by an adder

Levels and vault maps discovered:
D:1:      reono_arrival_forest_river, layout_loops_ring, serial_shops, shop,
          minmay_pentomino_s4
D:2:      layout_rooms, serial_shops, nicolae_shop_peninsula, basic_altar,
          corexii_shack, uniq_robin
D:3:      layout_basic, serial_aquarium, aquarium_bridge_long_separate
          [aquarium_subvault_bridge, aquarium_subvault_wall,
          aquarium_subvault_wall, aquarium_subvault_balcony,
          aquarium_subvault_wall, aquarium_subvault_bridge],
          aquarium_bridge_square [aquarium_subvault_bridge,
          aquarium_subvault_window, aquarium_subvault_window,
          aquarium_subvault_bridge], aquarium_window_2, aquarium_window_fake,
          aquarium_window_1, aquarium_window_fake, aquarium_view_2d,
          aquarium_view_2e, aquarium_balcony_3a, aquarium_pool_corner,
          hellmonk_ecumenical_altar_zigzags, uniq_jessica, uniq_grinder,
          uniq_ijyb, uniq_natasha

Skill      XL: |  1  2  3  4 |
---------------+-------------+-----
Ranged Weapons | 6 7 8 |  8.2
Fighting       | |  1.5
Dodging        | |  2.6
Stealth        | |  1.2

Action                     |  1- 3 |  4- 6 || total
---------------------------+-------+-------++-------
   Fire: Shortbow          |   113 |    84 ||   197
    Use: Scroll            |     5 |     5 ||    10
         Potion            |     1 |     2 ||     3
 Armour: Leather armour    |     6 |     9 ||    15
         Animal skin       |       |     9 ||     9
  Dodge: Dodged            |    15 |    29 ||    44

Table legend:
 A = Non-vault XP
 B = Vault XP
 C = Vault XP percentage of total XP
 D = Non-vault monster count
 E = Vault monster count
 F = Vault count percentage of total count
                 A         B        C        D         E       F
            +---------+---------+-------+---------+---------+-------
      Total |     109 |      79 |  42.0 |      48 |      17 |  26.2
            +---------+---------+-------+---------+---------+-------
        D:1 |      52 |       4 |   7.1 |      28 |       3 |   9.7
        D:2 |      46 |      40 |  46.5 |      16 |      13 |  44.8
        D:3 |      11 |      35 |  76.1 |       4 |       1 |  20.0
            +---------+---------+-------+---------+---------+-------
